 Dungeon Crawl Stone Soup version 0.31-a0-1603-gbec6b6ccbf (webtiles) character file.

Game seed: 2881177934203570438

287 jasper the Mimic (level 6, -1/30 HPs)
             Began as a Spriggan Shapeshifter on Jan 7, 2024.
             Slain by Pargi (7 damage)
             ... in a sewer.
             The game lasted 00:06:23 (3987 turns).

jasper the Mimic (Spriggan Shapeshifter)            Turns: 3987, Time: 00:06:23

Health: -1/30      AC:  2    Str: 10    XL:     6   Next: 8%
Magic:  7/7        EV: 17    Int: 12    God:
Gold:   214        SH:  4    Dex: 16    Spells: 5/5 levels left

rFire   . .          .
                       - Unarmed
rCold   . . .        s - +0 buckler
rNeg    . . .        a - +0 animal skin
rPois   .            (helmet currently unavailable)
rElec   .            (cloak currently unavailable)
rCorr   .            (gloves unavailable)
SInv    +            (boots unavailable)
Will    +....        f - amulet of the acrobat
Stlth   +            (no ring)
HPRegen 0.25/turn    (no ring)
MPRegen 0.10/turn

%: acrobat
@: beast-form, invisible (expiring), very quick
A: beast (slay +4), very small, no large weapons, unfitting armour, see
invisible, speed 3
a: Begin Untransformation


You were in a sewer.
You were a hulking beast.
You visited 1 branch of the dungeon, and saw 4 of its levels.
You also visited: Sewer.

You collected 214 gold pieces.

Inventory:

Missiles
 j - 53 stones (quivered)
Armour
 a - a +0 animal skin (worn)
 s - a +0 buckler (worn)
Jewellery
 f - an amulet of the acrobat (around neck)
Talismans
 c - a beast talisman
 d - a flux talisman
 m - a maw talisman
 p - a serpent talisman
Scrolls
 b - a scroll of identify
 o - a scroll of fog
 q - a scroll of teleportation
 r - a scroll of fear {unknown}
 t - a scroll of vulnerability {unknown}
Potions
 g - 2 potions of curing
 h - a potion of magic
 k - 2 potions of brilliance
 l - 2 potions of haste
 n - a potion of attraction


   Skills:
 - Level 1.2 Fighting
 - Level 3.1 Dodging
 - Level 2.6 Unarmed Combat
 + Level 8.0 Shapeshifting


You had 5 spell levels left.
You didn't know any spells.
Your spell library contained the following spells:

 Spells                   Type           Power      Damage    Failure   Level
 Freeze                   Ice            0%         1d3       45%         1
 Frozen Ramparts          Ice            0%         1d1       83%         3
 Hailstorm                Conj/Ice       0%         3d5       83%         3


Dungeon Overview and Level Annotations

Branches:
Dungeon (4/15)              Sewer (1/1)
 Temple: D:4-7

Altars:
Gozag

Shops:
D:1 [

Annotations:
D:3 1 runed translucent door, Crazy Yiuf Sewer Pargi


Innate Abilities, Weirdness & Mutations

You are a hulking beast.
Your limbs bulge with bestial killing power. (Slay +4)
You are very small and have problems with some larger weapons.
You are too small for most types of armour.
You have supernaturally acute eyesight. (SInv)
You cover ground extremely quickly. (Speed+++)


Message History

You hit Pargi but do no damage.
Pargi is heavily wounded.
Pargi misses you. Pargi claws you. x2
You take 4 damage, and have 14/30 hp.
You hit Pargi.
Pargi is heavily wounded.
Pargi barely misses you. Pargi misses you. Pargi closely misses you.
You catch the helpless Pargi completely off-guard!
You hit Pargi.
Pargi is severely wounded.
Pargi closely misses you. x2; You block Pargi's attack.
You closely miss Pargi.
Pargi is severely wounded.
Pargi misses you. x2; You block Pargi's attack.
You hit Pargi.
Pargi is severely wounded.
Pargi misses you. You block Pargi's attack. Pargi closely misses you.
You hit Pargi.
Pargi is severely wounded.
You flicker for a moment.
Pargi barely misses you. Pargi claws you. Pargi closely misses you.
You take 3 damage, and have 12/30 hp.
You miss Pargi.
Pargi is severely wounded.
Pargi bites you.
* * * LOW HITPOINT WARNING * * *
Pargi misses you. Pargi barely misses you.
You take 3 damage, and have 9/30 hp.
You hit Pargi but do no damage.
Pargi is severely wounded.
Pargi barely misses you. Pargi completely misses you. Pargi barely misses you.
You hit Pargi.
Pargi is severely wounded.
You block Pargi's attack. Pargi claws you but does no damage. Pargi claws you.
* * * LOW HITPOINT WARNING * * *
You take 4 damage, and have 6/30 hp.
You hit Pargi.
Pargi is severely wounded.
Pargi bites you!
You die...

+.~≈~.'.
#.~≈~.#
####.~≈~.#
#..'.~≈~.+
#.~≈~.#
####.~≈~.#
#..'.~≈~.+
####T~≈~.#
####h~≈~.#
#∩....†..+
####.~≈~.#
####.~≈~.###
#..'.~≈~.'..
####.~≈~.###
####.~≈~.#
#..).~≈~.+
####)~≈~.#


You could see Pargi (unable to see you).

Vanquished Creatures
  A brain worm (Sewer)
  A bombardier beetle (D:3)
  10 adders
  A dart slug (D:3)
  3 ribbon worms (D:2)
  2 orcs (D:4)
  7 bats
  6 endoplasms
  8 giant cockroaches
  13 goblins
  5 hobgoblins
  5 jackals (D:1)
  11 kobolds
  4 quokkas
  4 ball pythons
  2 frilled lizards
  9 rats
92 creatures vanquished.

Notes
Turn   | Place    | Note
-------+----------+-------------------------------------------
     0 | D:1      | jasper the Spriggan Shapeshifter began the quest for the
                  | Orb.
     0 | D:1      | Reached XP level 1. HP: 9/9 MP: 2/2
    65 | D:1      | Reached XP level 2. HP: 10/14 MP: 3/3
   152 | D:1      | Found Caotz's Armour Shoppe.
   244 | D:1      | Reached skill level 5 in Shapeshifting
   943 | D:1      | Reached XP level 3. HP: 17/17 MP: 4/4
  1306 | D:2      | Reached skill level 6 in Shapeshifting
  1314 | D:2      | Reached XP level 4. HP: 9/21 MP: 5/5
  2664 | D:3      | Reached skill level 7 in Shapeshifting
  2664 | D:3      | Reached skill level 1 in Fighting
  2664 | D:3      | Reached XP level 5. HP: 20/25 MP: 6/6
  2855 | D:3      | Found an opulent altar of Gozag.
  3220 | D:3      | Identified the +3 short sword of Destiny {venom, rPois
                  | Dex+6 SInv}
  3269 | D:3      | Found a runed translucent door.
  3270 | D:3      | Noticed Crazy Yiuf
  3787 | D:4      | Found a glowing drain.
  3860 | Sewer    | Entered a sewer
  3873 | Sewer    | Reached skill level 8 in Shapeshifting
  3873 | Sewer    | Reached XP level 6. HP: 21/30 MP: 5/7
  3959 | Sewer    | Noticed Pargi
  3987 | Sewer    | Slain by Pargi

Illustrated notes

Levels and vault maps discovered:
D:1:      co_arrival_hexagon_in_a_hexagon, layout_basic, serial_shops,
          nicolae_shop_back_alley_shop, roderic_lattice_a, interstate_on_off,
          minmay_misc_feat_pillars, hangedman_decor_diamond_cutter
D:2:      layout_loops_ring, supply_closet_lemuel, minmay_guardbox
D:3:      layout_basic, grunt_gozag_statues, uniq_crazy_yiuf_cottage
D:4:      layout_basic, nemelex_dance_club_becter, gup_sewer_entry_glass,
          chequers_serial_rivers_micro_b, minmay_bent
Sewer:    kennysheep_door_sewer

Skill      XL: |  1  2  3  4  5 |
---------------+----------------+-----
Shapeshifting  | 5 6 7 8 |  8.0
Fighting       | 1 |  1.2
Dodging        | 3 |  3.1
Unarmed Combat | |  2.6

Action                     |  1- 3 |  4- 6 || total
---------------------------+-------+-------++-------
  Melee: Unarmed           |   118 |   184 ||   302
         Punch             |       |     1 ||     1
  Throw: Stone             |       |    18 ||    18
    Use: Scroll            |     5 |     8 ||    13
         Potion            |     1 |     2 ||     3
   Stab: Sleeping          |     5 |     5 ||    10
         Invisible         |       |     1 ||     1
 Armour: Animal skin       |    34 |    55 ||    89
         Skin              |    15 |     3 ||    18
  Dodge: Dodged            |    62 |   136 ||   198
  Block: Buckler           |       |    11 ||    11

Table legend: (Time is in decaauts)
 A = Elapsed time spent in this place.
 B = Non-inter-level travel time spent in this place.
 C = Inter-level travel time spent in this place.
 D = Time resting spent in this place.
 E = Time spent auto-exploring this place.
 F = Levels seen in this place.
 G = Mean time per level.
                   A        B        C        D        E       F      G
               +--------+--------+--------+--------+--------+-----+--------+
         Total |   2790 |   2684 |    106 |    255 |   1777 |   5 |  558.0 |
       Dungeon |   2676 |   2570 |    106 |    255 |   1716 |   4 |  669.0 |
         Sewer |    113 |    113 |      0 |      0 |     60 |   1 |  113.0 |
               +--------+--------+--------+--------+--------+-----+--------+

Top non-repeatable levels by time:
     D:2: 950 daAuts
     D:1: 780 daAuts
     D:3: 666 daAuts
     D:4: 279 daAuts
   Sewer: 113 daAuts
